 Dungeon Crawl Stone Soup version 0.21-a0-405-gf2af9a1 (webtiles) character file.

2121 HAL9000 the Slicer (level 9, -3/42 HPs)
             Began as a Vine Stalker Assassin on Nov 1, 2017.
             Was a Follower of Dithmenos.
             Shot with a sling bullet by Joseph (18 damage)
             ... on level 7 of the Dungeon.
             The game lasted 00:13:00 (6609 turns).

HAL9000 the Slicer (Vine Stalker Assassin)          Turns: 6609, Time: 00:13:01

Health: -3/42      AC:  4    Str: 16    XL:     9   Next: 29%
Magic:  0/19       EV: 11    Int: 12    God:    Dithmenos [*.....]
Gold:   65         SH:  0    Dex: 16    Spells: 8/8 levels left

rFire    . . .     SeeInvis .   b - +0 blowgun
rCold    . . .     Gourm    +   (no shield)
rNeg     . . .     Faith    .   c - +0 robe
rPois    .         Spirit   +   (no helmet)
rElec    .         Reflect  .   d - +0 cloak
rCorr    .         Harm     .   (no gloves)
MR       +....                  N - +0 pair of boots
Stlth    +++.......             L - amulet of the gourmand
HPRegen  0.54/turn              A - ring of magical power
MPRegen  0.16/turn              (no ring)

@: wreathed by umbra
A: fangs 3, regeneration 1, magic shield, antimagic bite, no potion heal 3, rot
immunity
a: Renounce Religion


You were on level 7 of the Dungeon.
You worshipped Dithmenos.
Dithmenos was aware of your devotion.
You were completely stuffed.

You visited 1 branch of the dungeon, and saw 7 of its levels.

You collected 345 gold pieces.
You spent 280 gold pieces at shops.

Inventory:

Hand Weapons
 a - a +2 dagger
 b - a +0 blowgun (weapon)
 D - a +2 short sword of protection
Missiles
 e - 8 poisoned needles (quivered)
 x - a throwing net
Armour
 c - a +0 robe (worn)
 d - a +0 cloak (worn)
 C - a +3 chain mail
 N - a +0 pair of boots (worn)
Jewellery
 y - an uncursed amulet of harm
 A - a ring of magical power (left hand)
 L - an amulet of the gourmand (around neck)
 S - an uncursed ring of fire {unknown}
Wands
 w - a wand of lightning (1/15)
 F - a wand of iceblast (9/15)
 H - a wand of paralysis (7/24)
Scrolls
 m - 4 scrolls of amnesia {unknown}
 p - a scroll of random uselessness {unknown}
 v - a scroll of teleportation {unknown}
 K - a scroll of fear {unknown}
 Q - a scroll of remove curse
Potions
 h - a potion of brilliance {unknown}
 o - a potion of agility {unknown}
 r - 3 potions of haste
 t - 2 potions of curing
 z - 3 potions of lignification
 G - a potion of magic {unknown}
 I - a potion of ambrosia {unknown}
 M - 2 potions of flight {unknown}
 R - a potion of degeneration {unknown}
Comestibles
 g - 4 bread rations
 n - 2 meat rations
 O - 2 royal jellies


   Skills:
 - Level 1.7 Fighting
 + Level 11.0 Short Blades
 - Level 1.7 Throwing
 - Level 0.7 Dodging
 + Level 4.9 Stealth


You had 8 spell levels left.
You didn't know any spells.

Dungeon Overview and Level Annotations

Branches:
Dungeon (7/15)             Temple (0/1) D:5

Altars:
Ashenzari
Dithmenos
Hepliaklqana
Qazlal
Trog
Uskayaw
Zin
The Shining One

Shops:
D:6 *

Annotations:
D:7 Joseph


Innate Abilities, Weirdness & Mutations

You have razor-sharp teeth.
Your natural rate of healing is unusually fast.
When hurt, damage is shared between your health and your magic reserves.
Your bite disrupts and absorbs the magic of your enemies.
Potions cannot restore your health.
You are immune to rotting.


Message History

You see here a sling bullet.
Wield which item (- for none, * to show all)? (? for menu, Esc to quit)
Your +2 short sword of protection goes still.
b - a +0 blowgun (weapon)
Firing (i - inventory. (,) - cycle):
f - 2 curare-tipped needles (quivered)
Press: ? - help, Shift-Dir - straight line, f - Joseph
Aim: Joseph, wielding a hunting sling and wearing a leather armour You shoot a curare-tipped needle.
The curare-tipped needle barely misses Joseph.
Joseph shoots a sling bullet.
The sling bullet hits you!!
Firing (i - inventory. (,) - cycle):
f - a curare-tipped needle (quivered)
Press: ? - help, Shift-Dir - straight line, f/p - Joseph
Aim: Joseph, wielding a hunting sling and wearing a leather armour You shoot a curare-tipped needle.
The curare-tipped needle closely misses Joseph.
Joseph shoots a sling bullet.
The sling bullet hits you!!
Joseph shoots a sling bullet.
The sling bullet hits you!
You see here a sling bullet.
Joseph shoots a sling bullet.
The sling bullet hits you!!
You die...

#..#..# #...#..#######...###
###.### #...#..# #...# ###
#.###..# ###...## #### #.###..#
#......# .5h #......# #.#....#
###.### #######...# #.#....#
....@.# #.@.......#####.####.##
.##h#(# #(##.........##.......#
#.#(#####(##..@...............#
#...l.h.@.##....)....#...###..#
###<###########..[####.#......#
#.# #...# #...#.#..# ..#
#...#####.##....# ####
##......#........
#......#......##
#......####.### ##[###.##.....#


You could see Joseph.

Vanquished Creatures
  The ghost of Mamutox the Covert, a novice SpAs (D:5)
  Duvessa (D:7)
  2 black bears
  An ice beast (D:7)
  An orc warrior (D:7)
  3 ogres
  An eye of draining (D:7)
  A bullfrog (D:6)
  Dowan (D:7)
  2 howler monkeys (D:6)
  3 crimson imps
  A bullfrog zombie (D:5)
  A centaur zombie (D:5)
  2 hounds
  3 orc priests
  7 orc wizards
  3 iguanas
  3 worker ants
  9 adders
  A shadow imp (D:5)
  2 adder skeletons (D:6)
  An adder zombie (D:6)
  4 worms
  A dart slug (D:1)
  2 leopard geckos
  26 orcs
  6 giant cockroaches
  10 goblins
  10 hobgoblins
  8 jackals
  2 kobolds
  3 quokkas
  A ball python (D:1)
  8 bats
  6 frilled lizards
  12 rats
149 creatures vanquished.

Notes
Turn   | Place    | Note
-------+----------+-------------------------------------------
     0 | D:1      | HAL9000 the Vine Stalker Assassin began the quest for the Orb.
     0 | D:1      | Reached XP level 1. HP: 11/11 MP: 2/2
    44 | D:1      | Reached skill level 2 in Short Blades
    93 | D:1      | Reached XP level 2. HP: 14/15 MP: 3/3
   579 | D:1      | Reached skill level 3 in Short Blades
   758 | D:1      | Reached XP level 3. HP: 17/18 MP: 4/4
  1609 | D:2      | Found a glowing silver altar of Zin.
  1639 | D:2      | Gained mutation: Your natural rate of healing is unusually fast. [Vine Stalker growth]
  1639 | D:2      | Reached XP level 4. HP: 23/23 MP: 5/5
  1767 | D:2      | Found a bloodstained altar of Trog.
  1847 | D:2      | Reached skill level 4 in Short Blades
  2557 | D:3      | Noticed a black bear
  2643 | D:3      | Killed a black bear
  2643 | D:3      | Reached skill level 5 in Short Blades
  2643 | D:3      | Reached XP level 5. HP: 26/26 MP: 6/6
  2747 | D:3      | Found a shattered altar of Ashenzari.
  3094 | D:4      | Noticed an ogre
  3210 | D:4      | Reached XP level 6. HP: 30/30 MP: 7/7
  3229 | D:4      | Reached skill level 6 in Short Blades
  3557 | D:4      | Reached XP level 7. HP: 34/34 MP: 8/8
  3987 | D:4      | Reached skill level 7 in Short Blades
  4093 | D:4      | Found a stormy altar of Qazlal.
  4095 | D:4      | Found a shadowy altar of Dithmenos.
  4100 | D:4      | Became a worshipper of Dithmenos the Shadowed
  4102 | D:4      | Found a glowing golden altar of the Shining One.
  4103 | D:4      | Found a hazy altar of Hepliaklqana.
  4104 | D:4      | Found a bloodstained altar of Trog.
  4286 | D:5      | Entered Level 5 of the Dungeon
  4689 | D:5      | Reached skill level 8 in Short Blades
  4923 | D:5      | Gained mutation: You have razor-sharp teeth. [Vine Stalker growth]
  4923 | D:5      | Reached XP level 8. HP: 37/38 MP: 9/9
  4974 | D:5      | Found a staircase to the Ecumenical Temple.
  4997 | D:5      | Noticed Mamutox's ghost (novice SpAs)
  5011 | D:5      | Killed Mamutox's ghost
  5011 | D:5      | Reached skill level 9 in Short Blades
  5505 | D:6      | Reached * piety under Dithmenos
  5630 | D:6      | Found Pivausagg's Assorted Antiques.
  5634 | D:6      | Bought a slimy short sword for 280 gold pieces
  5634 | D:6      | Identified the +5 short sword "Hulitil" {chaos, Fragile rC+ Int+4 Dex+5} (You bought it in a shop on level 6 of the Dungeon)
  5729 | D:6      | Found a stormy altar of Qazlal.
  5756 | D:6      | Found a hide-covered altar of Uskayaw.
  5921 | D:6      | Reached skill level 10 in Short Blades
  5997 | D:4      | Got a translucent short sword
  5998 | D:4      | Identified the +8 short sword of the Unliving {flame, *Slow +Blink rN+++ Dex-5} (You found it on level 4 of the Dungeon)
  6226 | D:7      | Reached XP level 9. HP: 42/42 MP: 10/10
  6346 | D:7      | Noticed Duvessa
  6346 | D:7      | Noticed Dowan
  6349 | D:7      | Killed Duvessa
  6356 | D:7      | Killed Dowan
  6399 | D:7      | Reached skill level 11 in Short Blades
  6481 | D:7      | Noticed Joseph
  6609 | D:7      | Shot with a sling bullet by Joseph

Vault maps used:
D:1:      lightli_arrival_noodles
D:2:      zin_treasury, bloody_trog
D:3:      lemuel_round_altar, first_bread, minmay_misc_feat_four_crosses,
          minivault_26, grunt_ministairs_9
D:4:      minitemple
D:5:      minmay_temple_entry_crystal_x
D:6:      black_bear_nest_1, lemuel_crystal_altar, basic_altar, serial_shops,
          nicolae_shop_trees
D:7:      grunt_temple_overflow_cloverleaf, grunt_livestock, uniq_joseph,
          uniq_menkaure, uniq_duvessa

Skill      XL: |  1  2  3  4  5  6  7  8  9 |
---------------+----------------------------+-----
Short Blades   | 2 3 5 6 8 10 11 | 11.0
Fighting       | |  1.7
Throwing       | |  1.7
Dodging        | |  0.7
Stealth        | |  4.9

Action                   |  1- 3 |  4- 6 |  7- 9 || total
-------------------------+-------+-------+-------++-------
Melee: Dagger            |    74 |   150 |       ||   224
       Bite              |    13 |    54 |    85 ||   152
       Short sword       |       |    24 |   297 ||   321
 Fire: Blowgun           |       |     5 |     2 ||     7
Throw: Throwing net      |       |       |     1 ||     1
  Use: Scroll            |       |     1 |     5 ||     6
 Stab: Sleeping          |     6 |     3 |    13 ||    22
       Distracted        |       |       |     1 ||     1
  Eat: Chunk             |     2 |     6 |    20 ||    28
       Fruit             |       |       |     1 ||     1
Armor: Robe              |    18 |    32 |    86 ||   136
       Chain mail        |       |    20 |       ||    20
Dodge: Dodged            |    33 |    71 |   118 ||   222

Table legend:
 A = Spawn XP
 B = Non-spawn XP
 C = Spawn XP percentage of total XP
 D = Spawn monster count
 E = Non-spawn monster count
 F = Spawn count percentage of total count
 G = Total turns spent on level
                    A         B        C        D         E        F      G
               +---------+---------+-------+---------+---------+-------+---------
         Total |       0 |    3030 |   0.0 |       0 |     149 |   0.0 |  6609
               +---------+---------+-------+---------+---------+-------+---------
           D:1 |       0 |      44 |   0.0 |       0 |      27 |   0.0 |  1079
           D:2 |       0 |      65 |   0.0 |       0 |      23 |   0.0 |  1064
           D:3 |       0 |     195 |   0.0 |       0 |      22 |   0.0 |  1019
           D:4 |       0 |     545 |   0.0 |       0 |      17 |   0.0 |  1154
           D:5 |       0 |     780 |   0.0 |       0 |      27 |   0.0 |   905
           D:6 |       0 |     568 |   0.0 |       0 |      21 |   0.0 |  1012
           D:7 |       0 |     833 |   0.0 |       0 |      12 |   0.0 |   376
               +---------+---------+-------+---------+---------+-------+---------
